 Dungeon Crawl Stone Soup version 0.13-a0-2133-ge955d09 (webtiles) character file.

39 Kae the Firebug (level 1, -2/10 HPs)
             Began as a Tengu Fire Elementalist on June 28, 2013.
             Slain by a hobgoblin (4 damage)
             ... on Level 1 of the Dungeon.
             The game lasted 00:01:15 (139 turns).

Kae the Firebug (Tengu Fire Elementalist)            Turns: 139, Time: 00:01:15

HP  -2/10        AC  3     Str  8      XL: 1   Next: 30%
MP   1/3         EV 12     Int 15      God:
Gold 37          SH  0     Dex 14      Spells:  1 memorised,  1 level left

Res.Fire  : . . .   See Invis. : .   (no weapon)
Res.Cold  : . . .   Warding    : .   a - +0 robe
Life Prot.: . . .   Conserve   : .   (no shield)
Res.Poison: .       Res.Corr.  : .   (helmet restricted)
Res.Elec. : .       Clarity    : .   e - +0 cloak
Sust.Abil.: . .     Spirit.Shd : .   (no gloves)
Res.Mut.  : .       Stasis     : .   (boots unavailable)
Res.Rott. : .       Flight     : .   (no amulet)
Saprovore : . . .                    (no ring)
                                     (no ring)

@: not resistant to hostile enchantments, fairly stealthy
A: beak, talons 3
a: no special abilities


You were on level 1 of the Dungeon.
You were not hungry.

You visited 1 branch of the dungeon, and saw 1 of its levels.

You collected 17 gold pieces.

Inventory:

Armour
 a - a +0 robe (worn)
 e - a +0 cloak (worn)
Comestibles
 c - a bread ration
Scrolls
 d - a scroll of remove curse {unknown}
Books
 b - a book of Flames

   Spells                             Type                      Level
   *Flame Tongue                      Conjuration/Fire             1
   Throw Flame                        Conjuration/Fire             2
   Conjure Flame                      Conjuration/Fire             3
   Inner Flame                        Hexes/Fire                   3
   Sticky Flame                       Conjuration/Fire             4
   Fireball                           Conjuration/Fire             5


   Skills:
 - Level 2.1 Dodging
 - Level 2.0 Stealth
 + Level 1.0 Spellcasting
 * Level 1.5 Conjurations
 * Level 3.3 Fire Magic


You had one spell level left.
You knew the following spells:

 Your Spells              Type           Power        Failure   Level  Hunger
a - Flame Tongue          Conj/Fire      #....        12%         1    ##.....


Dungeon Overview and Level Annotations

Branches:
Dungeon (1/27)

Altars:


Innate Abilities, Weirdness & Mutations

You have a beak for a mouth.
You have claws for feet.


Message History

A hobgoblin comes into view. It is wielding an orcish club.
Casting: Flame Tongue
Confirm with . or Enter, or press ? or * to list all spells.
Aiming: Flame Tongue
Press: ? - help, Shift-Dir - straight line, f/p - hobgoblin
Aim: a hobgoblin (moderately wounded)
You miscast Flame Tongue.
Nothing appears to happen.
The hobgoblin misses you.
Casting: Flame Tongue
Confirm with . or Enter, or press ? or * to list all spells.
You don't have enough magic to cast that spell.
You hit the hobgoblin but do no damage.
The hobgoblin is moderately wounded.
The hobgoblin barely misses you.
You barely miss the hobgoblin.
The hobgoblin is moderately wounded.
The hobgoblin misses you.
You hit the hobgoblin.
The hobgoblin is heavily wounded.
The hobgoblin barely misses you. The hobgoblin hits you.
You die...

....# #.....##.#...... .
#...# #......#.#...... .
#.##... #......#.#...... #.
#.#............#.#.#......
..
#....##########.#.#......
.###..%...###.#.#.#.#......
.#.....#.........#.#....(.
#.#.....##########.#......
##.##.....@g......# #......
#...#....g####.##.# #+###
#..###....#.# #....# #
#...#.....# #.##.#
##.##...### #.g..# #$#..###
###.## # #..# #g.. ...#
#..... ###.. ........


You could see 2 hobgoblins.

Vanquished Creatures
  2 bats (D:1)
  A kobold (D:1)
3 creatures vanquished.

Vanquished Creatures (others)
  A draconian (D:1)
  A spriggan (D:1)
  A vampire (D:1)
  An octopode (D:1)
  A dwarf (D:1)
  An ogre (D:1)
  A felid (D:1)
  2 centaurs (D:1)
  2 nagas (D:1)
  A kobold (D:1)
  8 tentacles (D:1)
  7 tentacle segments (D:1)
27 creatures vanquished.

Grand Total: 30 creatures vanquished

Notes
Turn   | Place    | Note
--------------------------------------------------------------
     0 | D:1      | Kae, the Tengu Fire Elementalist, began the quest for the Orb.
     0 | D:1      | Reached XP level 1. HP: 10/10 MP: 3/3
     0 | D:1      | Noticed an octopode
     0 | D:1      | Noticed a spriggan
     0 | D:1      | Noticed a draconian
     0 | D:1      | Noticed a naga
     0 | D:1      | Noticed a vampire
     0 | D:1      | Noticed a naga
     0 | D:1      | Noticed a dwarf
     0 | D:1      | Noticed a centaur
     0 | D:1      | Noticed a kraken
     0 | D:1      | Noticed a centaur
     0 | D:1      | Noticed an ogre
     0 | D:1      | Noticed a felid
     3 | D:1      | Killed a spriggan
     4 | D:1      | Killed a centaur
     5 | D:1      | Killed a centaur
     6 | D:1      | Killed a naga
     7 | D:1      | Killed an ogre
     7 | D:1      | Killed an octopode
     8 | D:1      | Killed a draconian
    11 | D:1      | Killed a naga
    11 | D:1      | Killed a dwarf
    13 | D:1      | Killed a vampire
    13 | D:1      | Killed a felid
   139 | D:1      | Slain by a hobgoblin

Action                   || total
-------------------------++-------
Melee: Unarmed           ||     8
 Cast: Flame Tongue      ||     7
